 Dungeon Sprint DCSS version 0.16-a0-4088-g7c8221e (console) character file.

16500000 Monkaria the Axe Maniac (level 27, -152/273 HPs)
             Began as a Ghoul Fighter on Feb 23, 2015.
             Was the Champion of Makhleb.
             Annihilated by a fleshlord
             ... wielding a +9 great mace
              (388 damage)
             ... in the Dungeon (Sprint VIII: "Arena of Blood").
             The game lasted 00:05:59 (165 turns).

Monkaria the Axe Maniac (Ghoul Fighter)              Turns: 165, Time: 00:05:59

Health: -152/273   AC: 13    Str: 24    XL:     27
Magic:  43/49      EV: 23    Int:  9    God:    Makhleb [******]
Gold:   0          SH:  0    Dex: 11    Spells: 0 memorised, 80 levels left

rFire  . . .     SeeInvis .     i - +∞ Axe of Woe
rCold  + . .     Clarity  .     b - +0 scale mail
rNeg   + + +     SustAb   .     (no shield)
rPois  ∞         Gourm    .     (no helmet)
rElec  .         Spirit   .     (no cloak)
rCorr  .         Warding  .     (no gloves)
rMut   .         NoTele   +     (no boots)
MR     ++...                    (no amulet)
Stlth  ++++++++..               k - +200 ring of slaying
                                g - +200 ring of slaying

@: marked, rotting, slowed, very slow, very resistant to hostile enchantments,
extraordinarily stealthy
A: rotting body, claws 1, carnivore 3, cold resistance 1, negative energy
resistance 3, poison resistance, slow healing 1, torment resistance, unbreathing
a: Minor Destruction, Lesser Servant of Makhleb, Major Destruction, Greater
Servant of Makhleb, Renounce Religion


You were in the Dungeon.
You worshipped Makhleb.
Makhleb was exalted by your worship.
You were not hungry.

You visited 1 branch

Inventory:

Hand weapons
 a - a +0 war axe
 i - the +∞ Axe of Woe (weapon)
   (You found it in the Dungeon)
Armour
 b - a +0 scale mail (worn)
 c - a +0 shield
Jewellery
 g - a +200 ring of slaying (left claw)
 k - a +200 ring of slaying (right claw)
Scrolls
 j - a scroll of blinking
Potions
 d - a potion of curing
 e - a potion of might
 f - a potion of heal wounds
 h - 2 potions of magic


   Skills:
 O Level 27 Fighting
 O Level 27 Axes
 O Level 27 Throwing
 O Level 27 Armour
 O Level 27 Dodging
 O Level 27 Stealth
 O Level 27 Shields
 O Level 27 Unarmed Combat
 O Level 27 Spellcasting
 O Level 27 Invocations


You had 80 spell levels left.
You didn't know any spells.

Dungeon Overview and Level Annotations

Branches:
Dungeon (1/1)

Altars:
Makhleb

Annotations:
D The Servant


Innate Abilities, Weirdness & Mutations

Your body is rotting away.
You thrive on raw meat.
You have sharp fingernails.
You are carnivorous and can eat meat at any time.
Your flesh is cold resistant.
You are immune to negative energy.
Your system is resistant to poisons.
You heal slowly when monsters are visible.
You are immune to unholy pain and torment.
You can survive without breathing.


Message History

Makhleb accepts your kill.
You carve something like a ham!!!!!
You fatally mangle something.
Makhleb accepts your kill.
You feel a bit more experienced.
You hear a shout! x3
The destroyer blinks!
The tyrant waves its bony arms in wide circles.
The air twists around and strikes you!
You hear a shout!
The meat beast is engulfed in poison gas.
The meat beast is poisoned.
The meat beast bites you. The meat beast tramples you!
You hold your ground!
The bag of meat is engulfed in poison gas.
The bag of meat is poisoned.
The destroyer blinks!
You hear a shout!
The fleshlord is engulfed in poison gas.
The fleshlord is poisoned.
The fleshlord hits you with a +9 great mace!!!!!!
Ouch! That really hurt!
You die...

...###... ...###.
.......%###......
#......)._%X...L..
. #))..X#@Loo§. ...
#_%<)O#OooX..
..§..#))))O#oXo2..
%.ooo..)_§zo.oXD...
%.o%pMW###poo.W....
..###o.oV@Xx###....
#.o§z2o.# .
#.po§oC%#
..O....W%SMp
.....z§.OoDW§o.
.......p...%V#
......%.V.##.
........#. .....


You could see 2 accurseds, 2 tentacled monstrosities, 2 meat beasts, 2 tyrants,
2 eight-headed meat hydras, 3 destroyers, a scourge, 5 fleshlords, 3 sculptors
of flesh, a large bag of meat (inner flame), 4 large abominations, 4 dreads, 5
meat berserkers and 22 bags of meat.

Vanquished Creatures
  Dispater (D)
  Edmund (D)
  Sigmund (D)
  12 great orbs of eyes (D)
  5 greater mummies (D)
  14 hell beasts (D)
  8 hell knights (D)
  11 hill giants (D)
  13 hydras (D)
  8 liches (D)
  44 ogres (D)
  102 orcs (D)
  9 phantoms (D)
  7 skeletal warriors (D)
  17 vampire knights (D)
  7 wraiths (D)
  13 sea snakes (D)
  33 large abominations (D)
  5 tentacled monstrosities (D)
  A Shadow Fiend (D)
  A ball lightning (D)
  15 small abominations (D)
  22 crawling corpses (D)
350 creatures vanquished.

Vanquished Creatures (others)
  A small abomination (D)
  4 ball lightnings (D)
  4 large abominations (D)
  7 crawling corpses (D)
16 creatures vanquished.

Grand Total: 366 creatures vanquished

Notes
Turn   | Place    | Note
--------------------------------------------------------------
     0 | D        | Monkaria, the Ghoul Fighter, began the quest for the Orb.
     0 | D        | Reached XP level 1. HP: 19/19 MP: 1/1
     2 | D        | Noticed a bag of meat
     2 | D        | Noticed a bag of meat
     2 | D        | Noticed a bag of meat
     4 | D        | Noticed a bag of meat
     4 | D        | Noticed a meat berserker
     7 | D        | Noticed a bag of meat
     7 | D        | Noticed a bag of meat
     7 | D        | Noticed a meat berserker
     9 | D        | Noticed a bag of meat
    10 | D        | Killed a bag of meat
    10 | D        | Reached skill level 17 in Fighting
    10 | D        | Reached skill level 19 in Axes
    10 | D        | Reached XP level 2. HP: 20/50 MP: 2/2
    10 | D        | Reached XP level 3. HP: 22/57 MP: 3/3
    10 | D        | Reached XP level 4. HP: 25/65 MP: 3/3
    10 | D        | Reached XP level 5. HP: 27/72 MP: 4/4
    10 | D        | Reached XP level 6. HP: 30/80 MP: 5/5
    10 | D        | Reached XP level 7. HP: 32/87 MP: 5/5
    10 | D        | Reached XP level 8. HP: 34/94 MP: 6/6
    10 | D        | Reached XP level 9. HP: 36/102 MP: 7/7
    10 | D        | Reached XP level 10. HP: 38/110 MP: 7/7
    10 | D        | Reached XP level 11. HP: 40/116 MP: 8/8
    11 | D        | Became a worshipper of Makhleb the Destroyer
    12 | D        | Killed a meat berserker
    12 | D        | Reached skill level 22 in Axes
    12 | D        | Reached XP level 12. HP: 42/129 MP: 9/9
    12 | D        | Killed a bag of meat
    12 | D        | Acquired Makhleb's first power
    12 | D        | Reached skill level 24 in Axes
    12 | D        | Reached XP level 13. HP: 44/142 MP: 9/9
    12 | D        | Killed a bag of meat
    12 | D        | Reached skill level 25 in Axes
    12 | D        | Reached XP level 14. HP: 46/153 MP: 10/10
    13 | D        | Killed a meat berserker
    13 | D        | Acquired Makhleb's second power
    13 | D        | Reached skill level 26 in Axes
    13 | D        | Killed a bag of meat
    13 | D        | Reached skill level 27 in Axes
    13 | D        | Reached XP level 15. HP: 157/169 MP: 11/11
    14 | D        | Noticed a bag of meat
    14 | D        | Noticed a bag of meat
    15 | D        | Noticed a bag of meat
    15 | D        | Killed a bag of meat
    15 | D        | Acquired Makhleb's third power
    15 | D        | Reached skill level 27 in Fighting
    15 | D        | Reached skill level 5 in Armour
    16 | D        | Noticed a bag of meat
    16 | D        | Noticed a meat berserker
    17 | D        | Noticed a bag of meat
    17 | D        | Noticed a bag of meat
    17 | D        | Killed a bag of meat
    17 | D        | Killed a bag of meat
    17 | D        | Acquired Makhleb's fourth power
    17 | D        | Reached skill level 10 in Dodging
    17 | D        | Reached XP level 16. HP: 182/182 MP: 11/11
    18 | D        | Noticed a meat berserker
    19 | D        | Killed a bag of meat
    20 | D        | Killed a meat berserker
    22 | D        | Noticed a bag of meat
    22 | D        | Noticed a large bag of meat
    23 | D        | Killed a meat berserker
    23 | D        | Reached skill level 15 in Dodging
    24 | D        | Noticed a large bag of meat
    24 | D        | Noticed a meat berserker
    25 | D        | Noticed a bag of meat
    25 | D        | Noticed a large bag of meat
    26 | D        | Noticed a meat berserker
    26 | D        | Killed a bag of meat
    26 | D        | Acquired Makhleb's fifth power
    26 | D        | Reached XP level 17. HP: 190/190 MP: 12/12
    27 | D        | Noticed a bag of meat
    28 | D        | Killed a bag of meat
    28 | D        | Killed a bag of meat
    29 | D        | Noticed a bag of meat
    29 | D        | Noticed a bag of meat
    29 | D        | Killed a meat berserker
    30 | D        | Noticed a large bag of meat
    30 | D        | Killed a bag of meat
    30 | D        | Reached XP level 18. HP: 199/199 MP: 13/13
    32 | D        | Killed a bag of meat
    32 | D        | Reached skill level 27 in Armour
    33 | D        | Noticed a bag of meat
    33 | D        | Killed a large bag of meat
    34 | D        | Killed a bag of meat
    34 | D        | Killed a meat berserker
    34 | D        | Reached skill level 27 in Dodging
    35 | D        | Noticed a bag of meat
    36 | D        | Noticed a large bag of meat
    37 | D        | Killed a bag of meat
    37 | D        | Reached skill level 15 in Invocations
    37 | D        | Reached XP level 19. HP: 206/206 MP: 13/33
    38 | D        | Killed a large bag of meat
    39 | D        | Killed a large bag of meat
    39 | D        | Killed a large bag of meat
    39 | D        | Killed a bag of meat
    42 | D        | Noticed a bag of meat
    42 | D        | Killed a large bag of meat
    42 | D        | Reached skill level 27 in Invocations
    42 | D        | Killed a bag of meat
    42 | D        | Reached skill level 15 in Stealth
    43 | D        | Noticed a bag of meat
    44 | D        | Killed a bag of meat
    44 | D        | Reached XP level 20. HP: 215/215 MP: 14/41
    44 | D        | Killed a bag of meat
    45 | D        | Noticed a bag of meat
    46 | D        | Noticed a destroyer
    46 | D        | Noticed a destroyer
    47 | D        | Killed a bag of meat
    49 | D        | Noticed a meat berserker
    50 | D        | Killed a destroyer
    50 | D        | Reached skill level 27 in Stealth
    52 | D        | Killed a meat berserker
    52 | D        | Reached skill level 15 in Shields
    54 | D        | Killed a bag of meat
    55 | D        | Noticed a bag of meat
    57 | D        | Killed a bag of meat
    57 | D        | Reached XP level 21. HP: 223/223 MP: 16/41
    59 | D        | Noticed a meat berserker
    59 | D        | Noticed a meat berserker
    59 | D        | Killed a bag of meat
    59 | D        | Killed a meat berserker
    60 | D        | Noticed a tyrant
    64 | D        | Noticed a meat beast
    64 | D        | Killed a meat berserker
    65 | D        | Noticed a tyrant
    66 | D        | Killed a bag of meat
    66 | D        | Reached skill level 27 in Shields
    67 | D        | Noticed a meat berserker
    67 | D        | Killed a meat beast
    68 | D        | Noticed a dread
    68 | D        | Killed a tyrant
    69 | D        | Noticed a meat berserker
    70 | D        | Noticed a bag of meat
    70 | D        | Noticed a destroyer
    70 | D        | Noticed a large bag of meat
    70 | D        | Killed a destroyer
    70 | D        | Reached XP level 22. HP: 233/233 MP: 18/43
    71 | D        | Killed a meat berserker
    72 | D        | Noticed a meat berserker
    73 | D        | Noticed an accursed
    74 | D        | Noticed a bag of meat
    74 | D        | Noticed a meat berserker
    74 | D        | Killed a meat berserker
    74 | D        | Killed a meat berserker
    75 | D        | Noticed a meat berserker
    75 | D        | Noticed a bag of meat
    77 | D        | Killed a large bag of meat
    77 | D        | Killed a meat berserker
    77 | D        | Reached skill level 27 in Spellcasting
    77 | D        | Reached skill level 5 in Throwing
    78 | D        | Noticed a meat beast
    78 | D        | Noticed an eight-headed meat hydra
    78 | D        | Killed a nine-headed meat hydra
    78 | D        | Killed a bag of meat
    78 | D        | Killed a destroyer
    78 | D        | Reached XP level 23. HP: 240/240 MP: 20/47
    79 | D        | Noticed a meat berserker
    79 | D        | Noticed a large bag of meat
    79 | D        | Noticed a destroyer
    79 | D        | Killed a meat berserker
    80 | D        | Killed a destroyer
    81 | D        | Noticed a meat beast
    81 | D        | Noticed a meat berserker
    81 | D        | Killed a meat beast
    81 | D        | Killed a bag of meat
    82 | D        | Noticed a bag of meat
    82 | D        | Noticed a tyrant
    82 | D        | Killed a bag of meat
    82 | D        | Killed a meat beast
    83 | D        | Noticed a bag of meat
    83 | D        | Killed a meat berserker
    84 | D        | Noticed a sculptor of flesh
    84 | D        | Noticed a bag of meat
    84 | D        | Noticed a destroyer
    84 | D        | Killed a dread
    84 | D        | Reached skill level 27 in Throwing
    84 | D        | Reached XP level 24. HP: 249/249 MP: 21/48
    84 | D        | Killed an accursed
    84 | D        | Reached skill level 27 in Unarmed Combat
    85 | D        | Noticed a bag of meat
    85 | D        | Noticed a destroyer
    85 | D        | Noticed a destroyer
    86 | D        | Killed a meat berserker
    86 | D        | Killed a destroyer
    87 | D        | Noticed a dread
    87 | D        | Killed a large bag of meat
    88 | D        | Noticed a meat beast
    88 | D        | Noticed an eight-headed meat hydra
    90 | D        | Noticed a meat berserker
    90 | D        | Killed a destroyer
    90 | D        | Killed a meat beast
    90 | D        | Killed a destroyer
    91 | D        | Killed a bag of meat
    91 | D        | Killed a wretched soul
    91 | D        | Reached XP level 25. HP: 257/257 MP: 23/48
    92 | D        | Killed a tyrant
    92 | D        | Killed a meat berserker
    93 | D        | Killed a bag of meat
    94 | D        | Killed a sculptor of flesh
    95 | D        | Noticed a meat berserker
    97 | D        | Noticed a bag of meat
    97 | D        | Killed a dread
    97 | D        | Killed a bag of meat
    98 | D        | Killed a nine-headed meat hydra
    99 | D        | Noticed a sculptor of flesh
    99 | D        | Killed a wretched soul
   101 | D        | Killed a meat berserker
   101 | D        | Killed a bag of meat
   101 | D        | Reached XP level 26. HP: 266/266 MP: 25/48
   102 | D        | Killed an observer
   103 | D        | Noticed a meat berserker
   103 | D        | Noticed a meat beast
   103 | D        | Killed an observer
   105 | D        | Noticed a meat berserker
   106 | D        | Noticed an accursed
   106 | D        | Noticed a meat berserker
   107 | D        | Noticed a meat berserker
   107 | D        | Noticed a bag of meat
   107 | D        | Noticed a bag of meat
   107 | D        | Killed a meat beast
   108 | D        | Noticed a destroyer
   108 | D        | Killed an observer
   109 | D        | Noticed a tyrant
   109 | D        | Noticed a bag of meat
   109 | D        | Killed a meat berserker
   110 | D        | Noticed a bag of meat
   110 | D        | Noticed a bag of meat
   110 | D        | Killed a meat berserker
   110 | D        | Killed a bag of meat
   110 | D        | Killed a sculptor of flesh
   111 | D        | Noticed a sculptor of flesh
   111 | D        | Killed a meat berserker
   111 | D        | Killed a destroyer
   111 | D        | Reached XP level 27. HP: 273/273 MP: 28/49
   111 | D        | Killed an accursed
   113 | D        | Noticed a meat berserker
   113 | D        | Noticed a meat berserker
   113 | D        | Noticed a scourge
   113 | D        | Noticed The Captor
   113 | D        | Killed a meat berserker
   113 | D        | Killed an observer
   114 | D        | Noticed a meat beast
   114 | D        | Killed a bag of meat
   114 | D        | Killed a bag of meat
   115 | D        | Noticed a dread
   116 | D        | Noticed a meat berserker
   116 | D        | Noticed a bag of meat
   116 | D        | Killed a tyrant
   116 | D        | Killed a bag of meat
   117 | D        | Noticed a meat berserker
   117 | D        | Noticed a destroyer
   118 | D        | Noticed a meat berserker
   118 | D        | Noticed a bag of meat
   118 | D        | Noticed a meat beast
   118 | D        | Noticed a tyrant
   118 | D        | Noticed a meat beast
   118 | D        | Killed a meat beast
   118 | D        | Killed a meat berserker
   118 | D        | Killed a meat berserker
   119 | D        | Noticed a bag of meat
   119 | D        | Noticed a bag of meat
   119 | D        | Killed a meat berserker
   119 | D        | Killed a destroyer
   119 | D        | Killed a bag of meat
   120 | D        | Noticed a bag of meat
   120 | D        | Noticed a bag of meat
   120 | D        | Noticed a bag of meat
   120 | D        | Noticed a meat beast
   120 | D        | Noticed a bag of meat
   120 | D        | Noticed a sculptor of flesh
   120 | D        | Noticed The Defiler
   121 | D        | Noticed a bag of meat
   121 | D        | Noticed a meat berserker
   122 | D        | Noticed a bag of meat
   122 | D        | Noticed a meat beast
   122 | D        | Noticed a bag of meat
   122 | D        | Noticed a meat berserker
   122 | D        | Killed a bag of meat
   122 | D        | Killed a scourge
   122 | D        | Killed a bag of meat
   122 | D        | Killed a meat beast
   123 | D        | Noticed a bag of meat
   123 | D        | Noticed a bag of meat
   123 | D        | Noticed a destroyer
   123 | D        | Killed a meat beast
   123 | D        | Killed an observer
   124 | D        | Noticed a tyrant
   124 | D        | Noticed a destroyer
   124 | D        | Noticed an accursed
   124 | D        | Killed The Captor
   124 | D        | Killed a meat berserker
   125 | D        | Noticed a large bag of meat
   125 | D        | Noticed a destroyer
   125 | D        | Killed a meat berserker
   125 | D        | Killed a dread
   126 | D        | Noticed a bag of meat
   126 | D        | Noticed a bag of meat
   126 | D        | Noticed a meat beast
   126 | D        | Noticed a meat berserker
   126 | D        | Noticed a bag of meat
   126 | D        | Noticed a scourge
   126 | D        | Noticed The Servant
   126 | D        | Noticed a meat berserker
   126 | D        | Killed a meat berserker
   126 | D        | Killed a meat beast
   126 | D        | Killed a bag of meat
   127 | D        | Noticed a bag of meat
   127 | D        | Noticed a bag of meat
   127 | D        | Noticed a bag of meat
   127 | D        | Killed a tyrant
   127 | D        | Killed an observer
   127 | D        | Killed a bag of meat
   128 | D        | Noticed a meat berserker
   128 | D        | Noticed a meat berserker
   128 | D        | Noticed a meat berserker
   128 | D        | Noticed an accursed
   128 | D        | Killed The Defiler
   128 | D        | Killed a meat beast
   128 | D        | Killed an observer
   128 | D        | Killed a bag of meat
   129 | D        | Noticed a meat berserker
   129 | D        | Noticed a bag of meat
   129 | D        | Noticed a dread
   129 | D        | Noticed a meat berserker
   129 | D        | Noticed a meat berserker
   129 | D        | Killed a meat beast
   129 | D        | Killed a meat berserker
   129 | D        | Killed an observer
   130 | D        | Noticed a bag of meat
   130 | D        | Noticed a sculptor of flesh
   130 | D        | Noticed an eight-headed meat hydra
   130 | D        | Noticed a scourge
   130 | D        | Killed a destroyer
   130 | D        | Killed an observer
   130 | D        | Killed a wretched soul
   131 | D        | Noticed a destroyer
   131 | D        | Noticed an accursed
   131 | D        | Noticed a bag of meat
   131 | D        | Noticed a meat berserker
   131 | D        | Noticed a destroyer
   131 | D        | Noticed a meat beast
   131 | D        | Killed a sculptor of flesh
   131 | D        | Killed a meat berserker
   131 | D        | Killed a bag of meat
   132 | D        | Noticed a bag of meat
   132 | D        | Noticed a large bag of meat
   132 | D        | Killed a tyrant
   132 | D        | Killed a bag of meat
   132 | D        | Killed a bag of meat
   132 | D        | Killed a destroyer
   132 | D        | Killed a meat berserker
   133 | D        | Noticed a bag of meat
   133 | D        | Noticed a meat berserker
   133 | D        | Noticed a bag of meat
   133 | D        | Killed a meat berserker
   133 | D        | Killed a bag of meat
   133 | D        | Killed a meat berserker
   134 | D        | Noticed a bag of meat
   134 | D        | Noticed a bag of meat
   134 | D        | Noticed a bag of meat
   134 | D        | Noticed a fleshlord
   134 | D        | Noticed a tyrant
   134 | D        | Noticed a bag of meat
   134 | D        | Noticed a tyrant
   134 | D        | Noticed a meat beast
   134 | D        | Killed a destroyer
   135 | D        | Noticed a bag of meat
   135 | D        | Noticed a bag of meat
   135 | D        | Noticed a bag of meat
   135 | D        | Noticed a bag of meat
   135 | D        | Noticed a large bag of meat
   135 | D        | Noticed an accursed
   135 | D        | Killed a destroyer
   135 | D        | Killed a wretched soul
   135 | D        | Killed a meat berserker
   135 | D        | Killed an observer
   136 | D        | Noticed a bag of meat
   136 | D        | Noticed a scourge
   136 | D        | Noticed a sculptor of flesh
   136 | D        | Killed a meat berserker
   136 | D        | Killed a bag of meat
   136 | D        | Killed a large bag of meat
   136 | D        | Killed a meat berserker
   136 | D        | Killed a bag of meat
   137 | D        | Noticed a bag of meat
   137 | D        | Noticed a bag of meat
   137 | D        | Noticed a bag of meat
   137 | D        | Noticed a fleshlord
   137 | D        | Noticed a tyrant
   137 | D        | Killed a meat berserker
   137 | D        | Killed a scourge
   137 | D        | Killed a sculptor of flesh
   137 | D        | Killed a destroyer
   138 | D        | Noticed a meat berserker
   138 | D        | Noticed a bag of meat
   138 | D        | Noticed a bag of meat
   138 | D        | Noticed a large bag of meat
   138 | D        | Killed a meat beast
   138 | D        | Killed a bag of meat
   139 | D        | Noticed a fleshlord
   139 | D        | Noticed a bag of meat
   139 | D        | Noticed a bag of meat
   139 | D        | Noticed a bag of meat
   139 | D        | Noticed a meat berserker
   139 | D        | Noticed an accursed
   139 | D        | Noticed a scourge
   139 | D        | Killed a bag of meat
   139 | D        | Killed a bag of meat
   139 | D        | Killed an accursed
   139 | D        | Killed a wretched soul
   140 | D        | Noticed a bag of meat
   140 | D        | Noticed a bag of meat
   140 | D        | Noticed a destroyer
   140 | D        | Noticed a meat berserker
   140 | D        | Killed a bag of meat
   140 | D        | Killed a nine-headed meat hydra
   140 | D        | Killed a sculptor of flesh
   141 | D        | Noticed a bag of meat
   141 | D        | Noticed a bag of meat
   141 | D        | Noticed a sculptor of flesh
   141 | D        | Noticed a meat berserker
   141 | D        | Killed a bag of meat
   141 | D        | Killed a dread
   141 | D        | Killed a wretched soul
   141 | D        | Killed a destroyer
   142 | D        | Noticed a meat berserker
   142 | D        | Noticed a meat berserker
   142 | D        | Noticed a bag of meat
   142 | D        | Noticed a bag of meat
   142 | D        | Killed a meat berserker
   142 | D        | Killed a bag of meat
   142 | D        | Killed a scourge
   143 | D        | Noticed a bag of meat
   143 | D        | Noticed a bag of meat
   143 | D        | Noticed a bag of meat
   143 | D        | Noticed a dread
   143 | D        | Noticed a bag of meat
   143 | D        | Noticed a bag of meat
   143 | D        | Noticed a bag of meat
   143 | D        | Noticed a fleshlord
   143 | D        | Noticed a bag of meat
   143 | D        | Noticed a bag of meat
   143 | D        | Noticed a bag of meat
   143 | D        | Noticed a fleshlord
   143 | D        | Killed a fleshlord
   143 | D        | Killed a bag of meat
   143 | D        | Killed a bag of meat
   143 | D        | Killed an accursed
   144 | D        | Noticed a bag of meat
   144 | D        | Noticed a bag of meat
   144 | D        | Noticed a fleshlord
   144 | D        | Noticed a bag of meat
   144 | D        | Noticed a bag of meat
   144 | D        | Killed a large bag of meat
   144 | D        | Killed a bag of meat
   144 | D        | Killed an observer
   144 | D        | Killed a bag of meat
   144 | D        | Killed a bag of meat
   144 | D        | Killed a sculptor of flesh
   145 | D        | Noticed a bag of meat
   145 | D        | Noticed a bag of meat
   145 | D        | Killed a wretched soul
   145 | D        | Killed a bag of meat
   146 | D        | Noticed a meat berserker
   146 | D        | Noticed a bag of meat
   146 | D        | Noticed a tyrant
   146 | D        | Killed a fleshlord
   146 | D        | Killed a bag of meat
   146 | D        | Killed a large bag of meat
   146 | D        | Killed a bag of meat
   146 | D        | Killed a meat berserker
   147 | D        | Noticed a bag of meat
   147 | D        | Noticed a fleshlord
   147 | D        | Noticed a bag of meat
   147 | D        | Killed a bag of meat
   147 | D        | Killed a bag of meat
   147 | D        | Killed a bag of meat
   147 | D        | Killed a meat beast
   148 | D        | Noticed a destroyer
   148 | D        | Noticed a bag of meat
   148 | D        | Noticed a bag of meat
   148 | D        | Noticed a sculptor of flesh
   148 | D        | Noticed an accursed
   148 | D        | Killed a bag of meat
   149 | D        | Noticed a dread
   149 | D        | Noticed a bag of meat
   149 | D        | Noticed a fleshlord
   149 | D        | Noticed a bag of meat
   149 | D        | Killed a bag of meat
   149 | D        | Killed a bag of meat
   149 | D        | Killed a bag of meat
   149 | D        | Killed a wretched soul
   149 | D        | Killed a bag of meat
   149 | D        | Noticed The Meatlord
   150 | D        | Noticed a bag of meat
   150 | D        | Noticed a sculptor of flesh
   150 | D        | Noticed a bag of meat
   150 | D        | Noticed a meat berserker
   150 | D        | Killed a meat berserker
   150 | D        | Killed a bag of meat
   150 | D        | Killed a scourge
   151 | D        | Noticed a meat beast
   151 | D        | Noticed a destroyer
   151 | D        | Noticed a dread
   151 | D        | Noticed a fleshlord
   151 | D        | Killed a large bag of meat
   151 | D        | Killed a tyrant
   151 | D        | Killed a meat berserker
   151 | D        | Killed a bag of meat
   152 | D        | Noticed a dread
   152 | D        | Noticed a large bag of meat
   152 | D        | Killed a destroyer
   152 | D        | Killed a bag of meat
   152 | D        | Killed a bag of meat
   152 | D        | Killed a bag of meat
   153 | D        | Noticed a bag of meat
   153 | D        | Noticed a destroyer
   153 | D        | Noticed a bag of meat
   153 | D        | Killed a bag of meat
   153 | D        | Killed a sculptor of flesh
   153 | D        | Killed a bag of meat
   153 | D        | Killed a bag of meat
   154 | D        | Noticed a bag of meat
   154 | D        | Noticed a fleshlord
   154 | D        | Noticed a meat beast
   154 | D        | Killed a fleshlord
   154 | D        | Killed a bag of meat
   154 | D        | Killed a bag of meat
   155 | D        | Noticed a bag of meat
   155 | D        | Noticed a bag of meat
   155 | D        | Killed a bag of meat
   155 | D        | Killed a meat berserker
   156 | D        | Noticed a bag of meat
   156 | D        | Noticed a meat berserker
   156 | D        | Noticed a bag of meat
   156 | D        | Killed a fleshlord
   156 | D        | Killed a meat berserker
   157 | D        | Noticed a bag of meat
   157 | D        | Killed a tyrant
   157 | D        | Killed a bag of meat
   157 | D        | Killed a bag of meat
   158 | D        | Noticed a bag of meat
   158 | D        | Noticed a fleshlord
   158 | D        | Noticed a bag of meat
   158 | D        | Noticed a bag of meat
   158 | D        | Noticed a tyrant
   158 | D        | Noticed a dread
   158 | D        | Killed a tyrant
   158 | D        | Killed a meat berserker
   158 | D        | Killed a bag of meat
   158 | D        | Killed a meat beast
   159 | D        | Noticed a sculptor of flesh
   159 | D        | Noticed a fleshlord
   159 | D        | Noticed a bag of meat
   159 | D        | Killed a fleshlord
   159 | D        | Killed a bag of meat
   159 | D        | Killed a dread
   159 | D        | Killed a scourge
   159 | D        | Killed a bag of meat
   159 | D        | Killed a bag of meat
   160 | D        | Noticed a destroyer
   160 | D        | Noticed a bag of meat
   160 | D        | Noticed a meat berserker
   160 | D        | Killed The Meatlord
   160 | D        | Killed a bag of meat
   160 | D        | Killed an accursed
   160 | D        | Killed a bag of meat
   160 | D        | Killed a bag of meat
   161 | D        | Noticed a dread
   161 | D        | Noticed a dread
   161 | D        | Killed a destroyer
   161 | D        | Killed a bag of meat
   161 | D        | Killed a bag of meat
   161 | D        | Killed a dread
   161 | D        | Killed a bag of meat
   162 | D        | Noticed a bag of meat
   162 | D        | Noticed a meat berserker
   162 | D        | Killed a bag of meat
   162 | D        | Killed a bag of meat
   162 | D        | Killed a bag of meat
   163 | D        | Noticed a meat beast
   163 | D        | Noticed a fleshlord
   163 | D        | Noticed a fleshlord
   163 | D        | Noticed a meat berserker
   163 | D        | Noticed a bag of meat
   163 | D        | Killed a dread
   163 | D        | Killed a bag of meat
   163 | D        | Killed a bag of meat
   164 | D        | Noticed a bag of meat
   164 | D        | Noticed a sculptor of flesh
   164 | D        | Noticed a bag of meat
   164 | D        | Noticed a bag of meat
   164 | D        | Killed a fleshlord
   164 | D        | Killed a fleshlord
   164 | D        | Killed a bag of meat
   164 | D        | Killed a bag of meat
   164 | D        | Killed a wretched soul
   165 | D        | Noticed a bag of meat
   165 | D        | Noticed a bag of meat
   165 | D        | Killed a fleshlord
   165 | D        | Killed a bag of meat
   165 | D        | Killed a bag of meat
   165 | D        | Killed a bag of meat
   165 | D        | Killed an observer
   165 | D        | Annihilated by a fleshlord

Action                   |  1- 3 |  4- 6 |  7- 9 | 10-12 | 13-15 | 16-18 | 19-21 | 22-24 | 25-27 || total
-------------------------+-------+-------+-------+-------+-------+-------+-------+-------+-------++-------
Melee: Executioner's axe |     1 |       |       |     1 |     3 |    11 |    15 |    14 |    68 ||   113
  Use: Potion            |     1 |       |       |       |       |       |       |       |       ||     1
 Stab: Distracted        |       |       |       |       |       |       |       |     1 |       ||     1
  Eat: Chunk             |       |       |       |       |       |       |     1 |       |       ||     1
